AoeStats
← Dashimir

Arabia

507877657Analyzed
3v3 RM · 13d ago on Sep 20, 2026· 47m 16s· 6 players
Game mode
Random Map
Map size
Normal (6 player)
Population
200
Speed
Normal
Resources
Standard
Victory
Conquest
Starting age
Dark Age
Ending age
Imperial Age
RankedLock teamsTeams togetherTeam positionsShared explorationLock speedFull tech treeHidden civsTurbo modeCheats
Victory
Defeat
🇨🇳 Koreans · China
1349
+15
🇺🇸 Burgundians · United States
1345
+15
🇨🇳 Turks · China
1330
+15
🇨🇳 Magyars · China
1423
-20
🇯🇵 Mongols · Japan
1277
-13
🇧🇷 Sicilians · Brazil
1256
-12
Spice
3:31 Double-Bit Axe
6:55 Loom
9:10 Feudal Age
10:05 Bow Saw
20:55 Castle Age
19:14 Gold Mining
19:07 Horse Collar
20:21 Heavy Plow
22:21 Wheelbarrow
22:10 Scale Barding Armor
22:03 Cavalier
22:44 Husbandry
27:25 Chain Barding Armor
27:44 Forging
32:27 Fletching
34:24 Hand Cart
33:55 Town Watch
35:17 Stone Mining
39:58 Imperial Age
38:28 Iron Casting
38:34 Crop Rotation
40:04 Paladin
41:32 Plate Barding Armor
45:11 Blast Furnace
47:00 Gold Shaft Mining
47:34 Conscription
国产男子汉
9:05 Loom
11:15 Feudal Age
16:46 Castle Age
15:16 Double-Bit Axe
16:09 Horse Collar
19:32 Wheelbarrow
19:33 Bow Saw
20:15 Gold Mining
25:37 Padded Archer Armor
27:45 Padded Archer Armor
29:43 Leather Archer Armor
31:07 Gold Mining
32:26 Ballistics
34:49 Hand Cart
34:24 Town Watch
36:36 Fletching
44:22 Imperial Age
44:09 Heavy Plow
44:33 Bodkin Arrow
45:59 Conscription
47:27 Hoardings
47:05 Masonry
47:05 Bodkin Arrow
48:12 Ring Archer Armor
脱缰野马
1:17 Loom
10:44 Feudal Age
19:36 Fletching
21:10 Double-Bit Axe
21:07 Horse Collar
27:51 Castle Age
33:46 Bow Saw
33:38 Heavy Plow
36:15 Bodkin Arrow
39:12 Wheelbarrow
44:07 Imperial Age
43:18 Thumb Ring
43:44 Squires
43:30 Gambesons
43:05 Pikeman
44:31 Gold Mining
45:54 Chemistry
45:24 Conscription
47:33 Scale Mail Armor
47:43 Forging
Dashimir
6:02 Loom
9:26 Feudal Age
9:59 Horse Collar
19:17 Scale Mail Armor
21:55 Town Watch
26:20 Castle Age
25:05 Forging
25:55 Arson
27:49 Gold Mining
27:48 Double-Bit Axe
28:46 Wheelbarrow
29:46 Pikeman
32:23 Chain Mail Armor
33:55 Bow Saw
41:34 Imperial Age
41:51 Iron Casting
42:16 First Crusade
41:38 Elite Serjeant
42:29 Onager
43:18 Siege Engineers
44:59 Ballistics
45:14 Plate Mail Armor
45:44 Blast Furnace
44:38 Elite Serjeant
46:04 Conscription
Lan
6:32 Loom
8:54 Feudal Age
9:25 Double-Bit Axe
12:45 Horse Collar
22:40 Castle Age
20:50 Gold Mining
21:43 Fletching
23:03 Bloodlines
23:51 Bow Saw
23:40 Bodkin Arrow
24:01 Husbandry
25:20 Ballistics
25:53 Padded Archer Armor
28:13 Thumb Ring
34:03 Heavy Plow
38:12 Stone Mining
44:50 Imperial Age
43:58 Gold Shaft Mining
45:36 Bracer
48:39 Chemistry
啙窳大大
5:17 Loom
8:09 Loom
10:09 Feudal Age
13:11 Horse Collar
16:23 Double-Bit Axe
19:15 Scale Barding Armor
21:02 Bloodlines
24:22 Castle Age
23:55 Gold Mining
25:08 Husbandry
25:30 Chain Barding Armor
24:47 Light Cavalry
26:08 Gold Shaft Mining
25:50 Heavy Plow
28:30 Wheelbarrow
29:43 Pikeman
41:49 Imperial Age
40:37 Treadmill Crane
41:12 Scale Mail Armor
42:00 Bow Saw
42:41 Chain Mail Armor
Connection lost

Rejoining the realm…

Still unreachable

The connection could not be restored.

Session expired

The server has moved on; the page needs a fresh start.